 Dungeon Crawl Stone Soup version 0.21-a0-471-gd587bd5 (webtiles) character file.

530 Laiders the Digger (level 7, 0/36 HPs)
             Began as a Gargoyle Earth Elementalist on Nov 21, 2017.
             Slain by a two-headed ogre
             ... wielding a +0 giant club
              (13 damage)
             ... on level 5 of the Dungeon.
             The game lasted 00:11:24 (4186 turns).

Laiders the Digger (Gargoyle Earth Elementalist)    Turns: 4186, Time: 00:11:25

Health: 0/36       AC:  8    Str: 11    XL:     7   Next: 24%
Magic:  7/14       EV: 12    Int: 18    God:
Gold:   92         SH:  0    Dex: 10    Spells: 7/16 levels left

rFire    . . .     SeeInvis .   i - +1 whip
rCold    . . .     Gourm    .   (no shield)
rNeg     + . .     Faith    .   c - +0 robe
rPois    ∞         Spirit   .   (no helmet)
rElec    +         Reflect  .   (no cloak)
rCorr    .         Harm     .   v - +0 pair of gloves
MR       .....                  h - +0 pair of boots
Stlth    ++........             (no amulet)
HPRegen  0.12/turn              (no ring)
MPRegen  0.14/turn              (no ring)

@: no status effects
A: negative energy resistance 1, electricity resistance, unbreathing,
petrification resistance, rot immunity, AC +4
a: no special abilities


You were on level 5 of the Dungeon.
You were near starving.

You visited 1 branch of the dungeon, and saw 5 of its levels.

You collected 202 gold pieces.
You spent 110 gold pieces at shops.

Inventory:

Hand Weapons
 i - a +1 whip (weapon)
Missiles
 b - 125 stones (quivered)
Armour
 c - a +0 robe (worn)
 h - a +0 pair of boots (worn)
 v - a +0 pair of gloves (worn)
Wands
 g - a wand of random effects (15)
 q - a wand of polymorph (12)
Scrolls
 o - a scroll of magic mapping
 p - a scroll of remove curse
Potions
 a - a potion of agility {unknown}
 l - a potion of brilliance {unknown}
 n - a potion of degeneration {unknown}
 r - a potion of mutation {unknown}
 t - a potion of haste {unknown}
 u - 3 potions of ambrosia
 w - 2 potions of curing
 z - 2 potions of heal wounds
Books
 e - a book of Geomancy

   Spells                             Type                      Level
   a - Sandblast                      Earth                        1
   b - Passwall                       Transmutation/Earth          2
   c - Stone Arrow                    Conjuration/Earth            3
   d - Petrify                        Transmutation/Earth          4
   e - Lee's Rapid Deconstruction     Earth                        5
 k - a book of Minor Magic

   Spells                             Type                      Level
   a - Magic Dart                     Conjuration                  1
   b - Blink                          Translocation                2
   c - Call Imp                       Summoning                    2
   d - Slow                           Hexes                        2
   e - Conjure Flame                  Conjuration/Fire             3
   f - Mephitic Cloud                 Conjuration/Poison/Air       3
 x - a book of Cantrips

   Spells                             Type                      Level
   a - Confusing Touch                Hexes                        1
   b - Animate Skeleton               Necromancy                   1
   c - Summon Small Mammal            Summoning                    1
   d - Apportation                    Translocation                1
Comestibles
 d - 3 bread rations
 f - a meat ration
 j - a fruit
 m - a royal jelly


   Skills:
 - Level 1.5 Dodging
 - Level 2.1 Stealth
 + Level 5.1 Spellcasting
 - Level 3.3 Conjurations
   Level 0.7 Transmutations
 + Level 6.1 Earth Magic


You had 7 spell levels left.
You knew the following spells:

 Your Spells              Type           Power        Failure   Level  Hunger
a - Sandblast             Erth           ####..       1%          1    None
b - Stone Arrow           Conj/Erth      ###...       5%          3    ##.....
c - Lee's Rapid Deconstr  Erth           ####......   28%         5    ######.


Dungeon Overview and Level Annotations

Branches:
Dungeon (5/15)
 Temple: D:4-7

Altars:
Xom

Shops:
D:5 *

Annotations:
D:4 theanonym's ghost, amateur DsFi


Innate Abilities, Weirdness & Mutations

You are resistant to torment.
Your stone body is resilient. (AC +4)
You are immune to poison.
You resist negative energy. (rN+)
You are resistant to electric shocks. (rElec)
You can survive without breathing.
You are immune to petrification.
You are immune to rotting.


Message History

The stone arrow hits the two-headed ogre.
The two-headed ogre is lightly wounded.
Casting: Stone Arrow
Confirm with . or Enter, or press ? or * to list all spells.
Aiming: Stone Arrow
Press: ? - help, Shift-Dir - straight line, f/p - two-headed ogre
Aim: a two-headed ogre, wielding a giant club and a giant spiked club (lightly wounded)
The stone arrow hits the two-headed ogre.
The two-headed ogre is lightly wounded.
Casting: Stone Arrow
Confirm with . or Enter, or press ? or * to list all spells.
Aiming: Sandblast
Press: ? - help, Shift-Dir - straight line, f/p - two-headed ogre
Aim: a two-headed ogre, wielding a giant club and a giant spiked club (lightly wounded)
The blast of sand misses the two-headed ogre.
b - 125 stones The two-headed ogre hits you with a giant club!!
Ouch! That really hurt!
The two-headed ogre hits you with a giant spiked club!
You die...

#.# #.#
###.#####
#.......# #
#.#.###.# #
##.#.# #.#
# #....#
#.# #
#..###
#.#########
#@.#
#..........
#O.#
###########
...# # #
##... .#
#.### # ..
#..
#>.######
#..##...#
#..##.#


You could see a two-headed ogre.

Vanquished Creatures
  A phantom (D:5)
  2 ice beasts (D:5)
  2 crimson imps (D:5)
  A hound (D:5)
  An orc wizard (D:5)
  A worker ant zombie (D:5)
  A howler monkey zombie (D:5)
  3 adders
  A howler monkey skeleton (D:5)
  A worm (D:2)
  3 dart slugs
  8 orcs
  A ball python (D:1)
  5 giant cockroaches
  6 goblins
  6 hobgoblins
  4 kobolds
  2 bats
  5 frilled lizards
  5 rats
59 creatures vanquished.

Notes
Turn   | Place    | Note
-------+----------+-------------------------------------------
     0 | D:1      | Laiders the Gargoyle Earth Elementalist began the quest for the Orb.
     0 | D:1      | Reached XP level 1. HP: 10/10 MP: 3/3
   220 | D:1      | Reached skill level 4 in Earth Magic
   394 | D:1      | Reached XP level 2. HP: 14/15 MP: 3/5
  1145 | D:1      | Reached skill level 5 in Earth Magic
  1145 | D:1      | Reached XP level 3. HP: 11/19 MP: 6/6
  1352 | D:2      | Learned a level 3 spell: Stone Arrow
  2091 | D:3      | Reached XP level 4. HP: 22/24 MP: 7/7
  2204 | D:3      | Reached skill level 6 in Earth Magic
  2551 | D:4      | Noticed theanonym's ghost (amateur DsFi)
  2576 | D:5      | Entered Level 5 of the Dungeon
  2732 | D:5      | Noticed a phantom
  2757 | D:5      | Killed a phantom
  2757 | D:5      | Reached XP level 5. HP: 23/28 MP: 0/9
  2929 | D:5      | Noticed an ice beast
  2938 | D:5      | Killed an ice beast
  2938 | D:5      | Reached XP level 6. HP: 24/32 MP: 1/11
  3021 | D:5      | Learned a level 5 spell: Lee's Rapid Deconstruction
  3073 | D:5      | Found a shimmering altar of Xom.
  3090 | D:5      | Noticed a two-headed ogre
  3456 | D:5      | Noticed an ice beast
  3476 | D:5      | Killed an ice beast
  3476 | D:5      | Reached skill level 5 in Spellcasting
  3476 | D:5      | Reached XP level 7. HP: 7/36 MP: 3/14
  3744 | D:5      | Found Viteattoxo's General Store.
  3747 | D:5      | Bought a potion of heal wounds for 65 gold pieces
  3747 | D:5      | Bought a scroll of magic mapping for 45 gold pieces
  4186 | D:5      | Slain by a two-headed ogre

Vault maps used:
D:1:      minmay_arrival_pointy, serial_glass, glass_columns_b, glass_columns_b
D:3:      first_bread
D:4:      minmay_temple_entry_grid, uniq_sigmund
D:5:      led_xom_imps, serial_shops, nicolae_shop_behind_doors, st_stairs_7

Skill      XL: |  1  2  3  4  5  6 |
---------------+-------------------+-----
Earth Magic    | 4 5 6 |  6.1
Conjurations   | 2 3 |  3.3
Spellcasting   | 3 5 |  5.1
Dodging        | |  1.5
Stealth        | |  2.1
Transmutations | |  0.7

Action                   |  1- 3 |  4- 6 |  7- 9 || total
-------------------------+-------+-------+-------++-------
Melee: Whip              |    61 |    77 |    20 ||   158
       Short sword       |    25 |       |       ||    25
 Cast: Sandblast         |    24 |    28 |     6 ||    58
       Stone Arrow       |       |     9 |     3 ||    12
  Use: Scroll            |     4 |     2 |     3 ||     9
       Potion            |       |     2 |       ||     2
 Stab: Sleeping          |     3 |       |       ||     3
  Eat: Chunk             |     4 |     3 |     1 ||     8
       Royal jelly       |       |     1 |       ||     1
Armor: Robe              |    34 |    41 |     9 ||    84
Dodge: Dodged            |    71 |    66 |    15 ||   152

Table legend:
 A = Spawn XP
 B = Non-spawn XP
 C = Spawn XP percentage of total XP
 D = Spawn monster count
 E = Non-spawn monster count
 F = Spawn count percentage of total count
 G = Total turns spent on level
                    A         B        C        D         E        F      G
               +---------+---------+-------+---------+---------+-------+---------
         Total |       0 |     758 |   0.0 |       0 |      59 |   0.0 |  4186
               +---------+---------+-------+---------+---------+-------+---------
           D:1 |       0 |      35 |   0.0 |       0 |      19 |   0.0 |  1347
           D:2 |       0 |      39 |   0.0 |       0 |      14 |   0.0 |   604
           D:3 |       0 |      42 |   0.0 |       0 |       9 |   0.0 |   575
           D:4 |       0 |       3 |   0.0 |       0 |       1 |   0.0 |    50
           D:5 |       0 |     639 |   0.0 |       0 |      16 |   0.0 |  1610
               +---------+---------+-------+---------+---------+-------+---------
